[ AOE2 MATCH · #478299924 ]
UnrankedVietnamese vs Koreans
[ REPLAY ANALYSIS · EXTRACTED FROM THE RECORDED GAME ]
Feudal
14:29
Castle
18:59
Imperial
35:26
| APM avg | 21.6 |
| APM peak | 81 |
| eAPM avg | 13.0 |
| Villagers / military | 77 / 53 |
Focus
⚔️ 29.2% · 🌾 70.8%
Skirmisher ×23 · Rattan Archer ×18 · Archer ×7 · Spearman ×4 · Trade Cart ×4 · Monk ×1
Feudal
11:36
Castle
23:13
Imperial
—
| APM avg | 18.3 |
| APM peak | 52 |
| eAPM avg | 9.7 |
| Villagers / military | 53 / 67 |
Focus
⚔️ 25.6% · 🌾 74.4%
Mangudai ×23 · Steppe Lancer ×16 · Scout Cavalry ×10 · Battering Ram ×7 · Trade Cart ×6 · Cavalry Archer ×5
Feudal
—
Castle
—
Imperial
—
| APM avg | 12.6 |
| APM peak | 35 |
| eAPM avg | 9.4 |
| Villagers / military | 89 / 95 |
Focus
⚔️ 29.7% · 🌾 70.3%
Fire Lancer ×65 · War Wagon ×16 · Trade Cart ×9 · Iron Pagoda ×6 · Spearman ×3 · Monk ×2
Feudal
—
Castle
—
Imperial
—
| APM avg | 22.3 |
| APM peak | 59 |
| eAPM avg | 16.1 |
| Villagers / military | 171 / 87 |
Focus
⚔️ 21.2% · 🌾 78.8%
Militia ×44 · Knight ×30 · Battering Ram ×5 · Scout Cavalry ×4 · Bombard Cannon ×4
Match map
Initial resources + every placement click. Lines = walls · curves = elevation contours. ◆ gold · ⬟ stone · ● berries · ✦ relic · ◌ wall gap
Your base· Open — unwalled flank
R10MBA's base· Open — unwalled flank
fabianfun's base· ✓ Closed at 22:15 · 70t walls · 4 gate(s)
Karovic9232's base· Open — unwalled flank
Smoothed initial terrain · ◌ = detected wall gap · hover for details
Inputs per minute
— Mihali221 - - R10MBA
Build order — Mihali221
First 150 of 276 actions detected
| 0:01 | Create | Villager (Male) |
| 0:02 | Create | Villager (Male) |
| 0:02 | Create | Villager (Male) |
| 0:03 | Build | House |
| 0:06 | Build | House |
| 1:22 | Create | Villager (Male) |
| 1:52 | Create | Villager (Male) |
| 2:24 | Create | Villager (Male) |
| 3:00 | Create | Villager (Male) |
| 3:23 | Create | Villager (Male) |
| 3:52 | Build | House |
| 3:53 | Build | House |
| 3:59 | Build | Mill |
| 4:16 | Build | Lumber Camp |
| 4:23 | Create | Villager (Male) |
| 4:23 | Create | Villager (Male) |
| 4:51 | Create | Villager (Male) |
| 6:07 | Create | Villager (Male) |
| 6:07 | Create | Villager (Male) |
| 6:08 | Create | Villager (Male) |
| 6:59 | Create | Villager (Male) |
| 8:21 | Create | Villager (Male) |
| 8:23 | Create | Villager (Male) |
| 8:28 | Create | Villager (Male) |
| 8:28 | Create | Villager (Male) |
| 8:28 | Create | Villager (Male) |
| 8:57 | Build | Lumber Camp |
| 9:00 | Create | Villager (Male) |
| 9:06 | Build | Farm |
| 9:13 | Build | Farm |
| 10:44 | Create | Villager (Male) |
| 10:44 | Create | Villager (Male) |
| 10:56 | Build | House |
| 11:02 | Build | Mining Camp |
| 11:13 | Build | Farm |
| 11:13 | Build | Farm |
| 11:13 | Build | Farm |
| 11:13 | Build | Farm |
| 11:18 | Build | Farm |
| 11:45 | Build | Farm |
| 12:02 | Build | Farm |
| 12:19 | Research | Feudal Age |
| 13:36 | Create | Villager (Male) |
| 13:37 | Create | Villager (Male) |
| 13:51 | Build | Farm |
| 14:29 | Age | Feudal Age |
| 14:32 | Build | Market |
| 14:41 | Build | Blacksmith |
| 14:47 | Research | Double-Bit Axe |
| 14:50 | Research | Horse Collar |
| 14:52 | Research | Gold Mining |
| 15:00 | Build | House |
| 15:01 | Build | House |
| 15:35 | Research | Wheelbarrow |
| 16:19 | Research | Castle Age |
| 16:34 | Build | Barracks |
| 17:09 | Research | Fletching |
| 17:19 | Research | Padded Archer Armor |
| 18:12 | Create | Trade Cart |
| 18:13 | Create | Trade Cart |
| 18:21 | Research | Stone Mining |
| 18:28 | Create | Villager (Male) |
| 18:28 | Create | Villager (Male) |
| 18:28 | Create | Villager (Male) |
| 18:29 | Create | Villager (Male) |
| 18:56 | Create | Villager (Male) |
| 18:57 | Create | Villager (Male) |
| 18:59 | Age | Castle Age |
| 19:02 | Build | Town Center |
| 19:12 | Build | Town Center |
| 19:31 | Build | Farm |
| 19:42 | Research | Heavy Plow |
| 19:53 | Build | Farm |
| 20:03 | Research | Bow Saw |
| 20:40 | Build | Farm |
| 20:42 | Create | Spearman |
| 20:42 | Create | Spearman |
| 21:06 | Build | Farm |
| 22:07 | Build | Archery Range |
| 22:10 | Create | Villager (Male) |
| 22:10 | Create | Villager (Male) |
| 22:10 | Create | Villager (Male) |
| 22:11 | Create | Villager (Male) |
| 22:11 | Create | Villager (Male) |
| 22:18 | Research | Hand Cart |
| 22:27 | Create | Spearman |
| 22:27 | Create | Spearman |
| 23:09 | Create | Archer |
| 23:09 | Create | Archer |
| 23:09 | Create | Archer |
| 23:17 | Create | Villager (Male) |
| 23:17 | Create | Villager (Male) |
| 23:18 | Create | Villager (Male) |
| 24:09 | Build | Stone Wall |
| 24:14 | Build | Stone Wall |
| 24:18 | Build | Stone Wall |
| 24:20 | Build | Stone Wall |
| 24:28 | Create | Villager (Male) |
| 24:29 | Create | Villager (Male) |
| 24:29 | Create | Villager (Male) |
| 24:29 | Create | Villager (Male) |
| 24:35 | Create | Villager (Male) |
| 24:35 | Create | Villager (Male) |
| 24:39 | Create | Villager (Male) |
| 24:39 | Create | Villager (Male) |
| 24:40 | Create | Villager (Male) |
| 24:56 | Research | Crossbowman (upgrade) |
| 25:19 | Build | Farm |
| 25:57 | Build | Farm |
| 26:02 | Build | House |
| 26:03 | Build | House |
| 26:51 | Build | Stone Wall |
| 26:54 | Build | Stone Wall |
| 27:06 | Create | Villager (Male) |
| 27:07 | Create | Villager (Male) |
| 27:07 | Create | Villager (Male) |
| 27:08 | Create | Villager (Male) |
| 27:09 | Create | Villager (Male) |
| 27:09 | Create | Villager (Male) |
| 27:12 | Research | Thumb Ring |
| 27:24 | Build | University |
| 27:28 | Research | Bodkin Arrow |
| 27:51 | Build | Stone Wall |
| 27:58 | Build | Stone Wall |
| 28:23 | Build | Farm |
| 28:24 | Build | Farm |
| 28:35 | Build | Monastery |
| 28:37 | Research | Ballistics |
| 28:59 | Create | Archer |
| 29:00 | Create | Archer |
| 29:00 | Create | Archer |
| 29:00 | Create | Archer |
| 29:05 | Build | House |
| 29:06 | Build | House |
| 29:07 | Build | House |
| 29:07 | Build | House |
| 29:08 | Build | House |
| 29:08 | Build | House |
| 29:13 | Build | House |
| 29:27 | Create | Villager (Male) |
| 29:28 | Create | Villager (Male) |
| 29:32 | Create | Villager (Male) |
| 29:33 | Create | Villager (Male) |
| 29:33 | Create | Villager (Male) |
| 31:01 | Create | Villager (Male) |
| 31:02 | Create | Villager (Male) |
| 31:06 | Research | Elite Skirmisher (upgrade) |
| 31:09 | Build | Farm |
| 31:10 | Build | Farm |
| 31:11 | Build | Farm |
Build order — R10MBA
First 150 of 177 actions detected
| 0:05 | Build | House |
| 0:06 | Build | House |
| 0:14 | Create | Villager (Male) |
| 0:14 | Create | Villager (Male) |
| 0:15 | Create | Villager (Male) |
| 0:15 | Create | Villager (Male) |
| 1:38 | Create | Villager (Male) |
| 2:44 | Create | Villager (Male) |
| 2:44 | Create | Villager (Male) |
| 3:18 | Create | Villager (Male) |
| 3:19 | Create | Villager (Male) |
| 3:35 | Build | Mill |
| 4:01 | Create | Villager (Male) |
| 4:02 | Create | Villager (Male) |
| 4:18 | Build | House |
| 4:44 | Create | Villager (Male) |
| 5:28 | Build | Lumber Camp |
| 5:51 | Build | Mill |
| 7:21 | Create | Villager (Male) |
| 7:21 | Create | Villager (Male) |
| 7:22 | Create | Villager (Male) |
| 7:28 | Build | House |
| 8:19 | Create | Villager (Male) |
| 8:19 | Create | Villager (Male) |
| 8:59 | Research | Feudal Age |
| 9:03 | Build | Mining Camp |
| 10:03 | Build | Lumber Camp |
| 11:13 | Create | Villager (Male) ×5 |
| 11:22 | Build | Mining Camp |
| 11:36 | Age | Feudal Age |
| 11:46 | Research | Double-Bit Axe |
| 11:48 | Research | Horse Collar |
| 12:17 | Build | House |
| 12:22 | Build | House |
| 12:37 | Research | Wheelbarrow |
| 13:18 | Build | Barracks |
| 13:42 | Create | Villager (Male) |
| 14:16 | Research | Gold Mining |
| 14:23 | Build | Stable |
| 14:44 | Create | Villager (Male) |
| 14:45 | Create | Villager (Male) |
| 15:16 | Create | Scout Cavalry |
| 15:48 | Build | Stone Wall |
| 16:22 | Create | Villager (Male) |
| 16:29 | Build | Farm |
| 16:29 | Build | Farm |
| 16:29 | Build | Farm |
| 16:30 | Build | Farm |
| 16:45 | Build | Farm |
| 16:45 | Build | Farm |
| 16:46 | Build | Farm |
| 16:46 | Build | Farm |
| 16:47 | Build | Farm |
| 16:51 | Build | Farm |
| 17:00 | Create | Scout Cavalry |
| 17:32 | Build | Market |
| 18:11 | Build | Stone Wall |
| 18:26 | Create | Villager (Male) |
| 18:39 | Build | House |
| 19:02 | Build | Blacksmith |
| 19:08 | Build | Farm |
| 19:10 | Build | Farm |
| 19:11 | Build | Farm |
| 19:13 | Build | Farm |
| 19:15 | Build | Farm |
| 19:16 | Build | Farm |
| 20:08 | Create | Trade Cart |
| 20:09 | Create | Trade Cart |
| 20:33 | Research | Castle Age |
| 20:38 | Research | Bloodlines |
| 20:46 | Build | Stone Wall |
| 21:33 | Research | Scale Barding Armor |
| 22:08 | Create | Villager (Male) |
| 22:09 | Create | Villager (Male) |
| 22:18 | Build | Stable |
| 22:21 | Research | Forging |
| 22:30 | Build | Archery Range |
| 22:32 | Build | Archery Range |
| 22:34 | Build | Archery Range |
| 22:50 | Build | Palisade Gate |
| 22:51 | Build | Palisade Wall |
| 22:54 | Build | Palisade Wall |
| 23:13 | Age | Castle Age |
| 23:15 | Research | Iron Casting |
| 23:56 | Research | Heavy Plow |
| 24:03 | Create | Villager (Male) |
| 24:22 | Create | Trade Cart |
| 24:36 | Build | House |
| 24:57 | Build | Gate |
| 25:07 | Build | Town Center |
| 25:13 | Research | Hand Cart |
| 25:16 | Create | Villager (Male) |
| 25:19 | Build | Farm |
| 25:52 | Create | Scout Cavalry ×3 |
| 26:10 | Build | Mining Camp |
| 26:20 | Create | Cavalry Archer ×5 |
| 27:27 | Research | Chain Barding Armor |
| 27:27 | Research | Fletching |
| 27:37 | Build | Monastery |
| 27:44 | Create | Villager (Male) |
| 27:44 | Create | Villager (Male) |
| 27:50 | Research | Bow Saw |
| 28:04 | Create | Spearman |
| 28:12 | Create | Steppe Lancer ×2 |
| 28:20 | Create | Monk |
| 28:21 | Create | Monk |
| 28:32 | Build | Farm |
| 28:37 | Create | Trade Cart |
| 28:51 | Build | University |
| 29:05 | Research | Husbandry |
| 29:28 | Build | Castle |
| 29:31 | Create | Villager (Male) |
| 29:37 | Build | House |
| 29:38 | Build | House |
| 29:39 | Build | House |
| 30:23 | Research | Bodkin Arrow |
| 32:16 | Build | Mining Camp |
| 32:19 | Create | Villager (Male) |
| 32:23 | Create | Villager (Male) |
| 32:23 | Create | Villager (Male) |
| 32:39 | Research | Ballistics |
| 32:44 | Build | Siege Workshop |
| 32:46 | Build | Siege Workshop |
| 32:57 | Create | Villager (Male) |
| 33:02 | Research | Padded Archer Armor |
| 33:09 | Create | Mangudai ×5 |
| 33:12 | Research | Nomads |
| 33:15 | Create | Mangudai ×5 |
| 33:20 | Build | House |
| 33:20 | Build | House |
| 33:33 | Build | Farm |
| 33:37 | Create | Villager (Male) |
| 33:46 | Build | Mining Camp |
| 34:17 | Build | House |
| 34:18 | Build | House |
| 34:30 | Build | Farm |
| 34:33 | Create | Villager (Male) |
| 34:34 | Create | Villager (Male) |
| 34:36 | Research | Gold Shaft Mining |
| 34:49 | Build | Stone Wall |
| 34:54 | Research | Fortified Wall (upgrade) |
| 35:26 | Create | Villager (Male) |
| 35:27 | Create | Villager (Male) |
| 35:35 | Create | Battering Ram ×5 |
| 35:52 | Create | Villager (Male) |
| 36:17 | Build | Stone Wall |
| 36:34 | Research | Thumb Ring |
| 36:37 | Create | Mangudai ×3 |
| 37:03 | Build | Farm |
| 37:07 | Research | Masonry |
Build order — fabianfun
First 150 of 253 actions detected
| 0:12 | Build | House |
| 0:34 | Research | Loom |
| 0:35 | Create | Villager (Male) |
| 0:35 | Create | Villager (Male) |
| 0:36 | Create | Villager (Male) |
| 1:29 | Create | Villager (Male) |
| 2:52 | Create | Villager (Male) |
| 2:53 | Create | Villager (Male) |
| 3:04 | Build | House |
| 3:07 | Build | House |
| 3:10 | Build | House |
| 3:29 | Build | Mill |
| 3:53 | Create | Villager (Male) |
| 4:36 | Build | House |
| 4:40 | Build | House |
| 4:44 | Create | Villager (Male) |
| 4:45 | Create | Villager (Male) |
| 4:45 | Create | Villager (Male) |
| 4:46 | Create | Villager (Male) |
| 6:20 | Build | Palisade Wall |
| 6:28 | Build | Palisade Wall |
| 6:32 | Build | Palisade Wall |
| 6:35 | Build | Palisade Wall |
| 6:41 | Create | Villager (Male) |
| 6:59 | Build | Lumber Camp |
| 7:02 | Create | Villager (Male) |
| 7:29 | Create | Villager (Male) |
| 7:50 | Create | Villager (Male) |
| 7:59 | Create | Villager (Male) |
| 8:23 | Create | Villager (Male) |
| 8:59 | Create | Villager (Male) |
| 9:44 | Research | Feudal Age |
| 10:41 | Build | Mill |
| 10:55 | Build | Mining Camp |
| 11:34 | Build | House |
| 11:39 | Build | House |
| 11:43 | Build | House |
| 11:53 | Build | House |
| 12:09 | Create | Villager (Male) |
| 12:11 | Research | Wheelbarrow |
| 12:44 | Research | Double-Bit Axe |
| 12:46 | Create | Villager (Male) |
| 12:48 | Create | Villager (Male) |
| 12:59 | Create | Villager (Male) |
| 13:21 | Build | Stone Wall |
| 13:27 | Build | Gate |
| 13:50 | Build | Stone Wall |
| 13:56 | Build | Stone Wall |
| 14:10 | Build | Stone Wall |
| 14:16 | Build | Gate |
| 14:20 | Build | Palisade Gate |
| 14:30 | Build | Mill |
| 14:59 | Create | Villager (Male) |
| 15:00 | Create | Villager (Male) |
| 15:13 | Build | Gate |
| 15:36 | Build | Market |
| 15:43 | Build | Farm |
| 15:44 | Build | Farm |
| 15:48 | Create | Villager (Male) |
| 16:27 | Create | Villager (Male) |
| 16:28 | Create | Villager (Male) |
| 16:28 | Create | Villager (Male) |
| 16:31 | Create | Villager (Male) |
| 17:12 | Build | Blacksmith |
| 17:17 | Create | Trade Cart |
| 17:28 | Build | Mining Camp |
| 17:30 | Create | Villager (Male) |
| 18:03 | Build | Watch Tower |
| 18:21 | Create | Villager (Male) |
| 18:43 | Create | Villager (Male) |
| 18:56 | Build | Watch Tower |
| 19:16 | Build | House |
| 19:18 | Build | House |
| 19:20 | Build | House |
| 19:39 | Create | Villager (Male) |
| 19:50 | Build | Mining Camp |
| 19:57 | Create | Villager (Male) |
| 20:16 | Create | Villager (Male) |
| 20:28 | Build | Barracks |
| 20:37 | Build | Barracks |
| 20:59 | Build | Farm |
| 20:59 | Build | Farm |
| 20:59 | Build | Farm |
| 20:59 | Build | Farm |
| 21:00 | Build | Farm |
| 21:00 | Build | Farm |
| 21:00 | Build | Farm |
| 21:01 | Build | Farm |
| 21:01 | Build | Farm |
| 21:01 | Build | Farm |
| 21:01 | Build | Farm |
| 21:02 | Build | Farm |
| 21:02 | Build | Farm |
| 21:02 | Build | Farm |
| 21:03 | Build | Farm |
| 21:38 | Build | Farm |
| 22:15 | Research | Castle Age |
| 22:23 | Create | Spearman |
| 22:23 | Create | Spearman |
| 22:24 | Create | Spearman |
| 22:59 | Build | Watch Tower |
| 23:42 | Create | Trade Cart |
| 23:43 | Create | Trade Cart |
| 23:44 | Research | Scale Mail Armor |
| 23:45 | Research | Forging |
| 24:22 | Build | Stone Wall |
| 24:36 | Build | Barracks |
| 25:22 | Build | Town Center |
| 25:26 | Create | Villager (Male) ×5 |
| 25:37 | Build | Castle |
| 25:44 | Create | Fire Lancer |
| 25:44 | Create | Fire Lancer |
| 25:44 | Create | Fire Lancer |
| 25:45 | Create | Fire Lancer |
| 25:45 | Create | Fire Lancer |
| 25:45 | Create | Fire Lancer |
| 25:47 | Research | Arson |
| 25:48 | Research | Squires |
| 25:53 | Build | House |
| 25:56 | Build | House |
| 26:03 | Build | House |
| 26:18 | Build | House |
| 26:24 | Build | House |
| 27:05 | Build | Watch Tower |
| 27:22 | Build | Farm |
| 27:23 | Build | Farm |
| 27:23 | Build | Farm |
| 27:23 | Build | Farm |
| 27:24 | Build | Farm |
| 27:41 | Build | Monastery |
| 27:46 | Create | Villager (Male) ×5 |
| 27:47 | Create | Villager (Male) ×5 |
| 28:02 | Build | Stone Wall |
| 28:08 | Build | Stone Wall |
| 28:25 | Create | War Wagon |
| 28:26 | Create | War Wagon |
| 28:49 | Build | Mining Camp |
| 28:53 | Create | Villager (Male) ×5 |
| 28:55 | Create | Monk |
| 29:04 | Create | Trade Cart |
| 29:05 | Create | Trade Cart |
| 29:16 | Build | Stone Wall |
| 29:20 | Build | Stone Wall |
| 29:25 | Build | Stone Wall |
| 29:30 | Build | Gate |
| 29:34 | Build | Gate |
| 29:43 | Create | Fire Lancer |
| 29:44 | Create | Fire Lancer |
| 29:44 | Create | Fire Lancer |
| 30:10 | Build | Town Center |
Build order — Karovic9232
First 150 of 421 actions detected
| 0:13 | Build | House |
| 0:14 | Build | House |
| 0:22 | Create | Villager (Male) |
| 0:22 | Create | Villager (Male) |
| 0:22 | Create | Villager (Male) |
| 0:22 | Create | Villager (Male) |
| 1:08 | Build | House |
| 1:09 | Build | House |
| 1:10 | Build | House |
| 1:56 | Create | Villager (Male) |
| 1:56 | Create | Villager (Male) |
| 2:44 | Create | Villager (Male) |
| 2:44 | Create | Villager (Male) |
| 3:19 | Create | Villager (Male) |
| 3:38 | Create | Villager (Male) |
| 3:57 | Create | Villager (Male) |
| 3:57 | Create | Villager (Male) |
| 4:25 | Create | Villager (Male) |
| 4:25 | Create | Villager (Male) |
| 4:53 | Create | Villager (Male) |
| 4:53 | Create | Villager (Male) |
| 5:34 | Create | Villager (Male) |
| 5:45 | Build | Lumber Camp |
| 6:00 | Create | Villager (Male) |
| 6:40 | Create | Villager (Male) |
| 7:01 | Create | Villager (Male) |
| 7:23 | Create | Villager (Male) |
| 7:38 | Build | Mill |
| 7:40 | Create | Villager (Male) |
| 7:45 | Create | Villager (Male) |
| 8:43 | Create | Villager (Male) |
| 9:09 | Research | Feudal Age |
| 9:09 | Research | Feudal Age |
| 9:21 | Build | Mining Camp |
| 9:42 | Build | House |
| 9:43 | Build | House |
| 9:45 | Build | House |
| 10:59 | Build | Barracks |
| 11:18 | Create | Villager (Male) |
| 11:32 | Build | Market |
| 11:58 | Build | House |
| 12:00 | Create | Villager (Male) |
| 12:01 | Create | Villager (Male) |
| 12:09 | Research | Double-Bit Axe |
| 12:29 | Create | Villager (Male) |
| 12:30 | Create | Villager (Male) |
| 12:39 | Build | House |
| 12:40 | Build | House |
| 12:42 | Build | House |
| 12:54 | Create | Villager (Male) |
| 12:59 | Build | Farm |
| 13:20 | Create | Villager (Male) |
| 13:20 | Create | Villager (Male) |
| 13:21 | Create | Villager (Male) |
| 13:21 | Create | Villager (Male) |
| 13:22 | Build | Farm |
| 13:33 | Build | House |
| 13:34 | Build | House |
| 13:36 | Build | House |
| 13:38 | Build | House |
| 14:16 | Create | Villager (Male) |
| 14:17 | Create | Villager (Male) |
| 14:17 | Create | Villager (Male) |
| 14:29 | Build | Blacksmith |
| 14:38 | Build | Farm |
| 14:58 | Research | Gold Mining |
| 15:03 | Build | Farm |
| 15:18 | Create | Villager (Male) |
| 15:19 | Create | Villager (Male) |
| 15:19 | Create | Villager (Male) |
| 15:29 | Build | Stable |
| 15:49 | Create | Villager (Male) |
| 15:49 | Create | Villager (Male) |
| 15:49 | Create | Villager (Male) |
| 15:54 | Build | Farm |
| 16:06 | Research | Man-at-Arms (upgrade) |
| 16:18 | Build | Farm |
| 16:20 | Create | Villager (Male) |
| 16:20 | Create | Villager (Male) |
| 16:30 | Create | Scout Cavalry |
| 16:30 | Create | Scout Cavalry |
| 16:54 | Create | Villager (Male) |
| 16:54 | Create | Villager (Male) |
| 16:58 | Build | Farm |
| 17:03 | Build | Farm |
| 17:10 | Build | Farm |
| 17:13 | Research | Horse Collar |
| 17:24 | Research | Scale Barding Armor |
| 17:33 | Build | Farm |
| 17:39 | Build | Farm |
| 17:40 | Create | Villager (Male) |
| 17:40 | Create | Villager (Male) |
| 17:45 | Build | Farm |
| 17:48 | Build | Farm |
| 17:52 | Build | Farm |
| 17:54 | Build | Farm |
| 17:58 | Create | Scout Cavalry |
| 17:58 | Create | Scout Cavalry |
| 18:47 | Create | Militia |
| 18:48 | Create | Militia |
| 18:48 | Create | Militia |
| 18:48 | Create | Militia |
| 18:48 | Create | Militia |
| 19:00 | Create | Villager (Male) |
| 19:00 | Create | Villager (Male) |
| 19:14 | Create | Villager (Male) |
| 19:15 | Create | Villager (Male) |
| 19:27 | Build | Farm |
| 19:30 | Build | Farm |
| 19:32 | Build | Farm |
| 20:01 | Research | Bloodlines |
| 20:06 | Build | Farm |
| 21:35 | Research | Castle Age |
| 21:35 | Research | Castle Age |
| 22:27 | Create | Militia |
| 22:28 | Create | Militia |
| 22:28 | Create | Militia |
| 22:28 | Create | Militia |
| 22:29 | Create | Militia |
| 23:02 | Build | Barracks |
| 23:13 | Research | Scale Mail Armor |
| 23:14 | Research | Forging |
| 24:16 | Build | Town Center |
| 24:22 | Build | Town Center |
| 24:29 | Build | Town Center |
| 24:32 | Research | Chain Mail Armor |
| 24:38 | Create | Villager (Male) |
| 24:39 | Create | Villager (Male) |
| 24:47 | Create | Villager (Male) |
| 24:47 | Create | Villager (Male) |
| 24:47 | Create | Villager (Male) |
| 24:48 | Create | Villager (Male) |
| 25:16 | Create | Villager (Male) |
| 25:16 | Create | Villager (Male) |
| 25:16 | Create | Villager (Male) |
| 25:17 | Create | Villager (Male) |
| 25:33 | Build | Farm |
| 25:37 | Create | Villager (Male) |
| 25:37 | Create | Villager (Male) |
| 25:38 | Create | Villager (Male) |
| 25:49 | Build | Monastery |
| 25:52 | Research | Bow Saw |
| 26:11 | Create | Knight |
| 26:11 | Create | Knight |
| 26:11 | Create | Knight |
| 26:19 | Create | Villager (Male) |
| 26:19 | Create | Villager (Male) |
| 26:19 | Create | Villager (Male) |
| 26:41 | Create | Villager (Male) |
| 26:42 | Create | Villager (Male) |
Match timeline
| 6:20 | fabianfun · wall_segment Palisade Wall x9 |
| 6:28 | fabianfun · wall_segment Palisade Wall x4 |
| 6:32 | fabianfun · wall_segment Palisade Wall x18 |
| 6:35 | fabianfun · wall_segment Palisade Wall x1 |
| 10:59 | Karovic9232 · first_building Barracks |
| 11:36 | R10MBA · age_up feudal |
| 12:08 | Karovic9232 · first_market_buy 100 food |
| 13:18 | R10MBA · first_building Barracks |
| 13:21 | fabianfun · wall_segment Stone Wall x15 |
| 13:50 | fabianfun · wall_segment Stone Wall x7 |
| 13:56 | fabianfun · wall_segment Stone Wall x15 |
| 14:10 | fabianfun · wall_segment Stone Wall x11 |
| 14:23 | R10MBA · first_building Stable |
| 14:29 | Mihali221 · age_up feudal |
| 15:29 | Karovic9232 · first_building Stable |
| 15:48 | R10MBA · wall_segment Stone Wall x12 |
| 16:34 | Mihali221 · first_building Barracks |
| 18:11 | R10MBA · wall_segment Stone Wall x6 |
| 18:59 | Mihali221 · age_up castle |
| 20:28 | fabianfun · first_building Barracks |
| 20:46 | R10MBA · wall_segment Stone Wall x9 |
| 21:10 | fabianfun · first_market_buy 100 food |
| 21:16 | fabianfun · first_market_sell 100 food |
| 21:24 | Karovic9232 · first_market_sell 100 wood |
| 22:07 | Mihali221 · first_building Archery Range |
| 22:30 | R10MBA · first_building Archery Range |
| 22:51 | R10MBA · wall_segment Palisade Wall x3 |
| 22:54 | R10MBA · wall_segment Palisade Wall x2 |
| 23:13 | R10MBA · age_up castle |
| 24:09 | Mihali221 · wall_segment Stone Wall x6 |
| 24:14 | Mihali221 · wall_segment Stone Wall x11 |
| 24:18 | Mihali221 · wall_segment Stone Wall x11 |
| 24:20 | Mihali221 · wall_segment Stone Wall x3 |
| 24:22 | fabianfun · wall_segment Stone Wall x10 |
| 25:37 | fabianfun · first_building Castle |
| 25:49 | Karovic9232 · first_building Monastery |
| 26:51 | Mihali221 · wall_segment Stone Wall x15 |
| 26:54 | Mihali221 · wall_segment Stone Wall x13 |
| 27:37 | R10MBA · first_building Monastery |
| 27:41 | fabianfun · first_building Monastery |
| 27:51 | Mihali221 · wall_segment Stone Wall x7 |
| 27:58 | Mihali221 · wall_segment Stone Wall x7 |
| 28:02 | fabianfun · wall_segment Stone Wall x9 |
| 28:08 | fabianfun · wall_segment Stone Wall x10 |
| 28:35 | Mihali221 · first_building Monastery |
| 29:16 | fabianfun · wall_segment Stone Wall x13 |
| 29:20 | fabianfun · wall_segment Stone Wall x8 |
| 29:25 | fabianfun · wall_segment Stone Wall x11 |
| 29:28 | R10MBA · first_building Castle |
| 31:03 | fabianfun · first_building Siege Workshop |
| 31:04 | Karovic9232 · first_building Castle |
| 32:44 | R10MBA · first_building Siege Workshop |
| 34:38 | Mihali221 · first_building Stable |
| 34:49 | R10MBA · wall_segment Stone Wall x10 |
| 35:26 | Mihali221 · age_up imperial |
| 36:17 | R10MBA · wall_segment Stone Wall x5 |
| 38:04 | Karovic9232 · first_building Siege Workshop |
| 38:40 | fabianfun · wall_segment Stone Wall x10 |
| 38:44 | fabianfun · wall_segment Stone Wall x8 |
| 39:57 | Mihali221 · first_building Castle |
| 40:57 | Mihali221 · first_building Siege Workshop |
| 44:56 | R10MBA · wall_segment Stone Wall x5 |
| 47:15 | Mihali221 · resign |
[ AI ANALYSIS · 1 CREDIT ]
What really happened in this match?
Wolo.gg analyzes every decision: build order, eco, micro, common mistakes by bracket. Personalized analysis on WhatsApp or Discord in 30 seconds.
Civ guide
Vietnamese
Perfil
Jugador #24477282